 Bloatcrawl 2 version 2.3.0-a0-4-gb78c767 (webtiles) character file.

Game seed: 1724303860510224610, levelgen mode: deterministic

44 Bigchungus the Skirmisher (level 3, 32/36 HPs)
             Began as a Mirror Eidolon Fighter on Jan 4, 2020.
             Safely got out of the dungeon.
             The game lasted 00:02:03 (504 turns).

Bigchungus the Skirmisher (Mirror Eidolon Fighter)   Turns: 504, Time: 00:02:04

Health: 32/36      AC:  6    Str: 16    XL:     3   Next: 39%
Magic:  3/3        EV:  7    Int:  8    God:
Gold:   26         SH:  8    Dex: 11    Spells: 2/2 levels left Game modifiers: None

rFire    . . .     SeeInvis .   a - +0 long sword
rCold    . . .     Gourm    .   c - +0 shield
rNeg     + + +     Faith    .   b - +0 scale mail
rPois    ∞         Spirit   .   (no helmet)
rElec    .         Reflect  .   (no cloak)
rCorr    .         Harm     .   (no gloves)
MR       .....                  (no boots)
Stlth    ..........             (no amulet)
HPRegen  0.00/turn              (no ring)
MPRegen  0.08/turn              (no ring)

@: non-regenerating
A: unbreathing 1, negative energy resistance 3, torment resistance 1, ghostly 1,
no regeneration, fading, harvest energy
a: no special abilities


You escaped.
You were not hungry.

You visited 1 branch of the dungeon, and saw 2 of its levels.

You collected 26 gold pieces.

Inventory:

Hand Weapons
 a - a +0 long sword (weapon)
 n - a +1 short sword of flaming
Armour
 b - a +0 scale mail (worn)
 c - a +0 shield (worn)
 o - a +0 helmet
Jewellery
 e - an uncursed ring of wizardry {unknown}
 h - a +5 ring of intelligence {unknown}
Wands
 p - a wand of random effects (16)
Scrolls
 i - a scroll of teleportation {unknown}
 j - a scroll of noise {unknown}
 k - a scroll of amnesia {unknown}
 l - a scroll of identify {unknown}
Potions
 d - 4 potions of might
 f - a potion of lignification {unknown}
 g - 2 potions of curing
 m - a potion of magic {unknown}


   Skills:
 + Level 3.7 Fighting
 + Level 2.4 Long Blades
 + Level 2.6 Armour
 + Level 0.4 Dodging
 + Level 3.2 Shields


You had 2 spell levels left.
You didn't know any spells.
Your spell library was empty.

Dungeon Overview and Level Annotations

Branches:
Dungeon (2/15)

Altars:


Innate Abilities, Weirdness & Mutations

You are immune to poison.
You can survive without breathing.
You are immune to negative energy. (rN+++)
You are immune to unholy pain and torment.
You are a spectral ghost.
You do not regenerate.
You lose health over time.
You restore half your missing hitpoints when you defeat an enemy.


Message History

The bat hits you but does no damage. x2
You hit the bat.
The bat is moderately wounded.
You block the bat's attack.
You hit the bat.
You kill the bat!
You feel better.
No target in view!
No target in view!
No target in view!
Unknown command.
p - a wand of random effects (16)
You see here a +0 animal skin.
Things that are here:
a cursed -1 dagger; a goblin corpse
There is a fountain of clear blue water here.
There is an open door here.
There is a staircase leading out of the dungeon here.
Are you sure you want to leave the Dungeon?
This will make you lose the game!
You have escaped!

........#..........#.....#
........#.##########.#####
........#.###### #.#
######.>..[)...# #.###
#######.#.#####...#
#........##.#
#..⌠...⌠.##.#
#...###..##.#
##..#@#.....###
#..#'#.......########
#.⌠...⌠.............#
#.......#.#..)......#
#########...........#
#############


There were no monsters in sight!

Vanquished Creatures
  Robin (D:1)
  An ooze (D:1)
  A ball python (D:2)
  3 bats
  A giant cockroach (D:1)
  9 goblins
  3 hobgoblins
  3 frilled lizards (D:1)
  2 kobolds (D:1)
  3 rats (D:1)
27 creatures vanquished.

Notes
Turn   | Place    | Note
-------+----------+-------------------------------------------
     0 | D:1      | Bigchungus the Mirror Eidolon Fighter began the quest for
                  | the Orb.
     0 | D:1      | Reached XP level 1. HP: 21/21 MP: 1/1
    97 | D:1      | Reached XP level 2. HP: 26/28 MP: 2/2
   444 | D:2      | Noticed Robin
   463 | D:2      | Reached XP level 3. HP: 33/36 MP: 3/3
   483 | D:1      | Killed Robin
   504 | D:$      | Safely got out of the dungeon.

Levels and vault maps discovered:
D:1:      scummos_arrival_simple_fountains, layout_basic, corner_web_ring
D:2:      layout_loops_ring, led_sif_pool, uniq_robin, uniq_jessica

Skill      XL: |  1 |
---------------+----+-----
Shields        | 3 |  3.2
Fighting       | |  3.7
Long Blades    | |  2.4
Armour         | |  2.6
Dodging        | |  0.4

Action                   || total
-------------------------++-------
Melee: Long sword        ||    89
Armor: Scale mail        ||    67
Dodge: Dodged            ||    37
Block: Shield            ||    67
       Rpst.: Long sword ||    14

Table legend:
 A = Non-vault XP
 B = Vault XP
 C = Vault XP percentage of total XP
 D = Non-vault monster count
 E = Vault monster count
 F = Vault count percentage of total count
                 A         B        C        D         E       F
            +---------+---------+-------+---------+---------+-------
      Total |      37 |      26 |  41.3 |      20 |       7 |  25.9
            +---------+---------+-------+---------+---------+-------
        D:1 |      32 |      18 |  36.0 |      17 |       2 |  10.5
        D:2 |       5 |       8 |  61.5 |       3 |       5 |  62.5
            +---------+---------+-------+---------+---------+-------
